[Event "Team 45 45 League T90"]
[Site "Internet Chess Club"]
[Date "2021.10.30"]
[Round "4"]
[White "kabindra"]
[Black "liujf"]
[Result "1-0"]
[WhiteElo "1650"]
[BlackElo "1581"]
[Opening "Giuoco Piano"]
[ECO "C50"]
[Time "18:07:41"]
[PlyCount "59"]
[TimeControl "2700+45"]

1. e4 e5 2. Nf3 Nc6 3. Bc4 Bc5 4. O-O Nf6 5. d4 Bxd4 6. Nxd4 Nxd4 7. f4 d6 8.
Bd3 Qe7 9. c3 Nc6 10. f5 Bd7 11. Bg5 h6 12. Bh4 O-O-O 13. b4 a6 14. a4 Be8 15.
b5 axb5 16. axb5 Nb8 17. Ra8 d5 18. Qa4 Qc5+ 19. Bf2 d4 20. cxd4 exd4 21. Nd2
Qc3 22. Qa7 Nd7 23. Bc4 Qxd2 24. Bd5 c6 25. bxc6 bxc6 26. Rb1 Qf4 27. Bg3 Qe3+
28. Kh1 Qd3 29. Raxb8+ Nxb8 30. Rxb8# {Black checkmated} 1-0

[Event "Team 45 45 League T90"]
[Site "Internet Chess Club"]
[Date "2021.10.31"]
[Round "4"]
[White "cayo89"]
[Black "MartyJR"]
[Result "1-0"]
[WhiteElo "1545"]
[BlackElo "1424"]
[Opening "Queen's pawn: Chigorin variation"]
[ECO "D00"]
[Time "14:00:23"]
[PlyCount "113"]
[TimeControl "2700+45"]

1. d4 d5 2. Nc3 Nf6 3. Bf4 c6 4. e3 Bf5 5. f3 h6 6. g4 Bh7 7. Bd3 e6 8. h4 c5 9.
Nb5 Na6 10. c3 c4 11. Bxh7 Nxh7 12. Qa4 Qd7 13. b3 Rc8 14. Nxa7 Qxa4 15. bxa4
Rd8 16. Nb5 f6 17. Nc7+ Nxc7 18. Bxc7 Rd7 19. Bb6 Bd6 20. f4 Kf7 21. Nf3 Ra8 22.
a5 Bc7 23. Kd2 Bxb6 24. axb6 Rd6 25. Rhb1 Nf8 26. a4 Nd7 27. a5 Nb8 28. g5 hxg5
29. hxg5 Na6 30. Rh1 Rdd8 31. gxf6 gxf6 32. Rh7+ Kg6 33. Rxb7 Rdb8 34. Rg1+ Kf5
35. Rgg7 Ke4 36. Ke2 Kf5 37. Ra7 Ke4 38. Rxa8 Rxa8 39. Ra7 Rxa7 40. bxa7 Nc7 41.
Nd2+ Kf5 42. Nb1 Kg6 43. Na3 Kf7 44. Nb5 Na8 45. Kf3 Ke7 46. Kg4 f5+ 47. Kg5 Kf7
48. Nd6+ Kg7 49. Nc8 Kf7 50. Nb6 Nc7 51. a8=Q Nxa8 52. Nxa8 Ke7 53. Nb6 Kd6 54.
Kf6 Kc6 55. Kxe6 Kb5 56. Kxd5 Kxa5 57. Nxc4+ {Black resigns} 1-0

[Event "Team 45 45 League T90"]
[Site "Internet Chess Club"]
[Date "2021.10.31"]
[Round "4"]
[White "Toalla"]
[Black "piirimae"]
[Result "1-0"]
[WhiteElo "1149"]
[BlackElo "1257"]
[Opening "French: Schlechter variation"]
[ECO "C01"]
[Time "14:00:27"]
[PlyCount "65"]
[TimeControl "2700+45"]

1. e4 e6 2. d4 d5 3. Bd3 dxe4 4. Bxe4 Nf6 5. Bf3 c6 6. Ne2 Bd6 7. O-O Qc7 8. Ng3
O-O 9. Nd2 e5 10. dxe5 Bxe5 11. Re1 Rd8 12. c3 Bf4 13. Qc2 b5 14. Nde4 Ng4 15.
h3 Nxf2 16. Qxf2 f5 17. Bxf4 Qxf4 18. Ne2 Qh6 19. Nd4 fxe4 20. Rxe4 Qg6 21. Qh4
Rf8 22. Bh5 Qd6 23. Rae1 c5 24. Nf3 Bb7 25. Qe7 Qxe7 26. Rxe7 Bxf3 27. Bxf3 Na6
28. Bxa8 Rxa8 29. Re8+ Rxe8 30. Rxe8+ Kf7 31. Ra8 Kf6 32. Rxa7 Nb8 33. Rb7
{Black resigns} 1-0

[Event "Team 45 45 League T90"]
[Site "Internet Chess Club"]
[Date "2021.10.31"]
[Round "4"]
[White "Gojira"]
[Black "fhunfi"]
[Result "0-1"]
[WhiteElo "1577"]
[BlackElo "1762"]
[Opening "Queen's pawn"]
[ECO "A40"]
[Time "08:02:00"]
[PlyCount "20"]
[TimeControl "2700+45"]

1. d4 e6 2. Nc3 Bb4 3. Bf4 d5 4. e3 Nf6 5. Bd3 c5 6. dxc5 Qa5 7. Ne2 Nc6 8. a3
Bxc3+ 9. Nxc3 Qxc5 10. b4 Qxc3+ {White resigns} 0-1

[Event "Team 45 45 League T90"]
[Site "Internet Chess Club"]
[Date "2021.10.29"]
[Round "4"]
[White "fireball"]
[Black "RD1974"]
[Result "1-0"]
[WhiteElo "1563"]
[BlackElo "1521"]
[Opening "French: Steinitz, Boleslavsky variation"]
[ECO "C11"]
[Time "18:02:58"]
[PlyCount "111"]
[TimeControl "2700+45"]

1. e4 e6 2. d4 d5 3. Nc3 Nf6 4. e5 Nfd7 5. f4 c5 6. Nf3 Nc6 7. Be3 a6 8. a4 f6
9. Be2 fxe5 10. fxe5 cxd4 11. Bxd4 Nxd4 12. Qxd4 Bc5 13. Qg4 Qe7 14. O-O-O Be3+
15. Kb1 Nc5 16. Bd3 Bd7 17. Qh5+ Kd8 18. Qg4 h5 19. Qb4 Nxd3 20. Qxb7 Rc8 21.
Rxd3 Bh6 22. Qxa6 Qc5 23. Nd4 Ke7 24. Qd6+ Qxd6 25. exd6+ Kxd6 26. Ncb5+ Bxb5
27. Nxb5+ Kd7 28. Rf1 Rhf8 29. Rdf3 Rfe8 30. Rf7+ Re7 31. Rxe7+ Kxe7 32. Re1 Rc4
33. b3 Rb4 34. Nc7 Re4 35. Rxe4 dxe4 36. Nb5 Bf4 37. h3 Bd2 38. Nd4 e5 39. Ne2
Kd6 40. Kb2 Kc5 41. c3 g6 42. Kc2 Bg5 43. b4+ Kc4 44. a5 Bd8 45. Nc1 e3 46. a6
Bb6 47. Ne2 h4 48. Ng1 e4 49. Ne2 g5 50. Nd4 Ba7 51. Nc6 e2 52. Kd2 e1=Q+ 53.
Kxe1 Bb6 54. a7 Bxa7 55. Nxa7 Kxc3 56. b5 {Black resigns} 1-0

[Event "Team 45 45 League T90"]
[Site "Internet Chess Club"]
[Date "2021.10.30"]
[Round "4"]
[White "WillC"]
[Black "ChessG2011"]
[Result "1-0"]
[WhiteElo "1449"]
[BlackElo "1423"]
[Opening "King's Indian: 3.g3, counterthrust variation"]
[ECO "D71"]
[Time "18:01:06"]
[PlyCount "69"]
[TimeControl "2700+45"]

1. c4 Nf6 2. g3 g6 3. Bg2 d5 4. d4 Bg7 5. Nc3 e6 6. Bg5 O-O 7. cxd5 h6 8. Bxf6
Bxf6 9. dxe6 Bxe6 10. Bxb7 Bd5 11. Nxd5 Bg7 12. Bxa8 c6 13. Nc3 Qb6 14. Qc2 Nd7
15. Bxc6 Qxc6 16. Nf3 Rc8 17. O-O Nb6 18. Qe4 Qd7 19. Rfd1 Rd8 20. Rac1 Kh7 21.
Ne5 Qe6 22. Nc6 Qd7 23. Nxd8 Qxd8 24. Qd3 Qd7 25. e4 h5 26. h4 Bh6 27. Rc2 Bg7
28. e5 Nd5 29. Nxd5 Qxd5 30. b3 Kg8 31. Rc5 Qd7 32. Qc4 Bf8 33. Rc7 Qd8 34.
Qxf7+ Kh8 35. Qh7# {Black checkmated} 1-0

[Event "Team 45 45 League T90"]
[Site "Internet Chess Club"]
[Date "2021.10.30"]
[Round "4"]
[White "smsxman"]
[Black "gduranko"]
[Result "1/2-1/2"]
[WhiteElo "1287"]
[BlackElo "1429"]
[Opening "Sicilian: Hungarian variation"]
[ECO "B34"]
[Time "11:00:25"]
[PlyCount "127"]
[TimeControl "2700+45"]

1. e4 c5 2. Nf3 g6 3. Nc3 Bg7 4. d4 cxd4 5. Nxd4 Nc6 6. Be3 Nf6 7. Rb1 Ng4 8.
Nxc6 Nxe3 9. Nxd8 Nxd1 10. Nxd1 Kxd8 11. Bd3 e6 12. c3 b6 13. O-O Bb7 14. Re1
Ke7 15. Ne3 Rhd8 16. Nc4 d5 17. Na3 dxe4 18. Bxe4 Bxe4 19. Rxe4 Rd5 20. Ree1 b5
21. c4 bxc4 22. Nxc4 Rc5 23. b3 Bd4 24. Rbd1 Rd8 25. Kf1 Rcd5 26. Rc1 a5 27. h3
Rf5 28. Rc2 Rc5 29. Ree2 Rcd5 30. g3 e5 31. Kg2 f5 32. f3 Kf6 33. Ne3 Bxe3 34.
Rxe3 Rd2+ 35. Re2 Rxe2+ 36. Rxe2 Rd1 37. h4 Ra1 38. Rc2 Ke6 39. Kf2 Kd5 40. Rd2+
Kc5 41. Rc2+ Kd4 42. Ke2 Kd5 43. Rd2+ Kc5 44. Rc2+ Kd6 45. Rd2+ Ke6 46. Rc2 Rg1
47. Kf2 Ra1 48. Ke2 Kd5 49. Rd2+ Kc5 50. Rc2+ Kb4 51. Rc4+ Kb5 52. Rc2 a4 53.
bxa4+ Kxa4 54. Ke3 Re1+ 55. Kf2 Ra1 56. Ke3 Ka3 57. Rc7 Rxa2 58. Rxh7 Kb4 59. h5
Ra3+ 60. Kf2 Ra2+ 61. Ke3 Ra3+ 62. Kf2 Ra2+ 63. Ke3 Ra3+ 64. Kf2 {Game drawn by
repetition} 1/2-1/2

[Event "Team 45 45 League T90"]
[Site "Internet Chess Club"]
[Date "2021.10.28"]
[Round "4"]
[White "oldsj"]
[Black "Denis240964"]
[Result "1-0"]
[WhiteElo "1413"]
[BlackElo "1356"]
[Opening "Ruy Lopez: 5.O-O"]
[ECO "C90"]
[Time "14:00:39"]
[PlyCount "125"]
[TimeControl "2700+45"]

1. e4 e5 2. Nf3 Nc6 3. Bb5 a6 4. Ba4 Nf6 5. O-O b5 6. Bb3 Be7 7. c3 d6 8. Re1
Na5 9. Bc2 c5 10. h3 Qc7 11. d4 cxd4 12. cxd4 O-O 13. Nc3 b4 14. Ne2 Bd7 15. Bg5
Rfd8 16. Rc1 Qb8 17. Ng3 h6 18. Be3 Nc4 19. Nf5 Bxf5 20. exf5 e4 21. Nh2 Nxe3
22. Rxe3 d5 23. Ng4 Qf4 24. Ne5 Rac8 25. g4 Bd6 26. Bb3 Rxc1 27. Qxc1 Bxe5 28.
dxe5 Qxe5 29. Rg3 Nh7 30. h4 f6 31. Qc6 Qd6 32. Qc2 Qe5 33. Re3 Kf8 34. Qc5+ Qd6
35. Qa7 Rd7 36. Qd4 a5 37. Kg2 Ke7 38. f3 Kd8 39. fxe4 dxe4 40. Qxe4 Kc7 41.
Qc4+ Kb6 42. Re6 Qxe6 43. Qxe6+ Kc7 44. Qc4+ Kb7 45. Qe4+ Kc7 46. Bg8 Nf8 47.
Qc4+ Kd8 48. Bd5 Rc7 49. Qd3 Rd7 50. Qe4 Re7 51. Qd3 Rd7 52. Qb5 Ke7 53. Qxa5
Rd6 54. Qxb4 Nd7 55. Be6 Nb6 56. Qe4 Kf8 57. Qe2 Rd4 58. b3 Rd6 59. a4 Rc6 60.
a5 Na8 61. Bd5 Ra6 62. Qxa6 Nc7 63. Qd6+ {Black resigns} 1-0

[Event "Team 45 45 League T90"]
[Site "Internet Chess Club"]
[Date "2021.10.27"]
[Round "4"]
[White "gregorgg"]
[Black "BrerRabbit"]
[Result "0-1"]
[WhiteElo "1362"]
[BlackElo "1357"]
[Opening "Sicilian: Kan, 5.Nc3"]
[ECO "B43"]
[Time "15:02:08"]
[PlyCount "110"]
[TimeControl "2700+45"]

1. e4 c5 2. Nf3 e6 3. d4 cxd4 4. Nxd4 a6 5. Nc3 Qc7 6. f4 b5 7. Bd3 Bb7 8. Be3
Nf6 9. O-O Bc5 10. e5 Nd5 11. Nxd5 Bxd5 12. c3 Nc6 13. Qh5 h6 14. Kh1 Qb6 15. f5
Nxd4 16. cxd4 Bxd4 17. Bxd4 Qxd4 18. fxe6 Bxe6 19. Qf3 O-O 20. Qe2 Rac8 21. h3
Bc4 22. Rad1 Bxd3 23. Rxd3 Qa7 24. Rfd1 Rc7 25. Qg4 Qf2 26. Rg3 g6 27. Qh4 Kg7
28. Qg4 Qf5 29. Qd4 Qe6 30. Ra3 Kh7 31. Qd6 Qxd6 32. Rxd6 Re8 33. Raxa6 Rxe5 34.
Rab6 Re6 35. Kg1 Rxd6 36. Rxd6 Kg7 37. Rd5 Rb7 38. Kf2 Kf8 39. Ke3 Ke7 40. g4 b4
41. b3 Ra7 42. Rd2 Rc7 43. Kf4 Rc3 44. Rh2 Rc5 45. Ke4 Ke6 46. Re2 Re5+ 47. Kf3
Rxe2 48. Kxe2 Ke5 49. Ke3 d6 50. Kd3 d5 51. Ke3 f5 52. gxf5 gxf5 53. Kf3 Kd4 54.
Kf4 Kc3 55. Kxf5 d4 {White resigns} 0-1

[Event "Team 45 45 League T90"]
[Site "Internet Chess Club"]
[Date "2021.10.27"]
[Round "4"]
[White "bardu"]
[Black "Megasus"]
[Result "1/2-1/2"]
[WhiteElo "1311"]
[BlackElo "1473"]
[Opening "Nimzo-Indian: classical variation"]
[ECO "E32"]
[Time "18:03:37"]
[PlyCount "144"]
[TimeControl "2700+45"]

1. d4 Nf6 2. c4 e6 3. Nc3 Bb4 4. Qc2 c6 5. e4 d5 6. e5 Ne4 7. Bd3 Qa5 8. Ne2
Nxc3 9. bxc3 Be7 10. O-O Bd7 11. cxd5 cxd5 12. c4 Nc6 13. Bd2 Qd8 14. cxd5 exd5
15. Rab1 b6 16. Bb5 Qc7 17. f4 a6 18. Bxc6 Bxc6 19. Rfc1 Rc8 20. f5 O-O 21. f6
gxf6 22. Bh6 fxe5 23. Bxf8 Bxf8 24. Qf5 Bg7 25. dxe5 Bxe5 26. Qg4+ Kh8 27. Nd4
Rg8 28. Qh4 Rg6 29. Nxc6 Rxc6 30. Rxc6 Qxc6 31. Qd8+ Kg7 32. Rf1 Bf6 33. Qb8
Qc5+ 34. Kh1 Qe3 35. Rd1 d4 36. Qxb6 Qe2 37. Qb1 h5 38. Qd3 Qxa2 39. Qg3+ Kh7
40. Qd3+ Kg7 41. Qg3+ Kh7 42. Rf1 Qe6 43. Qd3+ Kh6 44. h3 Kg7 45. Rf5 Qe1+ 46.
Kh2 Be5+ 47. g3 f6 48. Rxh5 Qf2+ 49. Kh1 Qe1+ 50. Kg2 Qb4 51. Kf3 Qb7+ 52. Qe4
Qxe4+ 53. Kxe4 a5 54. g4 a4 55. g5 Kg6 56. Rh8 a3 57. Ra8 Bd6 58. gxf6 Kxf6 59.
Kxd4 Be5+ 60. Ke4 Bb2 61. Kf4 Bc1+ 62. Kg4 Ke6 63. h4 Kd5 64. h5 Bb2 65. Kf5 Kc4
66. Kg6 Kb3 67. h6 a2 68. Rxa2 Kxa2 69. h7 Be5 70. Kf7 Kb3 71. Kg8 Kc4 72. h8=Q
Bxh8 {Game drawn because neither player has mating material} 1/2-1/2

[Event "Team 45 45 League T90"]
[Site "Internet Chess Club"]
[Date "2021.10.31"]
[Round "4"]
[White "rhayder"]
[Black "stantheman59"]
[Result "0-1"]
[WhiteElo "959"]
[BlackElo "1197"]
[Opening "Sicilian: Nimzovich-Rossolimo attack (without ...d6)"]
[ECO "B30"]
[Time "18:12:15"]
[PlyCount "56"]
[TimeControl "2700+45"]

1. e4 c5 2. Nf3 Nc6 3. Bb5 e5 4. O-O Qb6 5. Qe2 a6 6. Bxc6 Qxc6 7. Nxe5 Qe6 8.
Nf3 h6 9. Nc3 Nf6 10. Re1 d6 11. Nd5 Nxd5 12. exd5 Qxe2 13. Rxe2+ Kd8 14. d4 c4
15. c3 b5 16. Bf4 Bb7 17. Nd2 g5 18. Bg3 Bxd5 19. Ne4 f5 20. Nf6 Bf7 21. f4 gxf4
22. Bxf4 Be7 23. Rae1 Bxf6 24. Bxd6 Bh5 25. Re6 Re8 26. Rxe8+ Bxe8 27. Re6 Bg5
28. Kf1 Kd7 {White resigns} 0-1

[Event "Team 45 45 League T90"]
[Site "Internet Chess Club"]
[Date "2021.10.29"]
[Round "4"]
[White "Gojira"]
[Black "marioseixas1992"]
[Result "1-0"]
[WhiteElo "1586"]
[BlackElo "1424"]
[Opening "Queen's pawn game"]
[ECO "A45"]
[Time "23:00:44"]
[PlyCount "52"]
[TimeControl "2700+45"]

1. d4 Nf6 2. Nc3 g6 3. Bf4 Bg7 4. e4 d6 5. Be2 O-O 6. h4 h5 7. Qd2 c5 8. dxc5
dxc5 9. O-O-O Qxd2+ 10. Rxd2 Nc6 11. Nf3 Ne8 12. Na4 f5 13. e5 b6 14. Bb5 Bb7
15. Rd7 Rb8 16. e6 Ne5 17. Nxe5 Bxe5 18. Bxe5 a6 19. Bxb8 Bxg2 20. Rg1 Nf6 21.
Bc7 axb5 22. Rxg2 bxa4 23. Rxe7 Nd5 24. Rxg6+ Kh8 25. Be5+ Nf6 26. Bxf6+ Rxf6
{Black resigns} 1-0

[Event "Team 45 45 League T90"]
[Site "Internet Chess Club"]
[Date "2021.10.30"]
[Round "4"]
[White "g8wrb"]
[Black "rkjulianjr"]
[Result "1/2-1/2"]
[WhiteElo "1282"]
[BlackElo "1331"]
[Opening "KP: Lopez opening"]
[ECO "C20"]
[Time "13:01:52"]
[PlyCount "43"]
[TimeControl "2700+45"]

1. e4 e5 2. c3 Nc6 3. d4 exd4 4. cxd4 Nf6 5. Nc3 Bb4 6. f3 d6 7. a3 Ba5 8. b4
Bb6 9. Be3 O-O 10. Bc4 a6 11. Nge2 Ba7 12. b5 Na5 13. Bd3 Bb6 14. O-O Be6 15.
bxa6 bxa6 16. Rb1 Nc4 17. Bxc4 Bxc4 18. Qa4 Bxe2 19. Nxe2 Qd7 20. Nc3 Qe6 21.
Rfe1 Rfb8 22. Kf2 {Game drawn by mutual agreement} 1/2-1/2

[Event "Team 45 45 League T90"]
[Site "Internet Chess Club"]
[Date "2021.10.30"]
[Round "4"]
[White "CMAlge"]
[Black "SeniorCitizen"]
[Result "1/2-1/2"]
[WhiteElo "1235"]
[BlackElo "1292"]
[Opening "Queen's pawn: Chigorin variation"]
[ECO "D00"]
[Time "14:00:47"]
[PlyCount "106"]
[TimeControl "2700+45"]

1. d4 d5 2. Nc3 e6 3. Bf4 Nf6 4. e3 Bd6 5. Qf3 Bxf4 6. Qxf4 c6 7. Bd3 O-O 8.
Nge2 Nbd7 9. g4 Re8 10. g5 Nh5 11. Qh4 g6 12. Nf4 Nxf4 13. exf4 f5 14. Qg3 Qb6
15. O-O-O Nf8 16. h4 Re7 17. h5 Qc7 18. hxg6 Nxg6 19. Ne2 a5 20. Rh6 Rg7 21.
Rdh1 b5 22. Ng1 Ra7 23. Nf3 Qxf4+ 24. Qxf4 Nxf4 25. Ne5 Nxd3+ 26. Nxd3 Rac7 27.
Nf4 Rxg5 28. Nxe6 Bxe6 29. Rxe6 Rg6 30. Re5 f4 31. Rf5 Rf7 32. Rxf7 Kxf7 33.
Rxh7+ Kg8 34. Rh4 Rf6 35. Kd2 Kf7 36. Ke2 Kg6 37. Kf3 Kg5 38. Rg4+ Kh5 39. Rxf4
Re6 40. Rf5+ Kg6 41. Re5 Rf6+ 42. Ke3 Kf7 43. Rh5 Re6+ 44. Re5 Rh6 45. Rf5+ Ke6
46. Re5+ Kf6 47. Kf4 Rh4+ 48. Ke3 Rh3+ 49. Kf4 Rh4+ 50. Ke3 Rh3+ 51. Kf4 Rh4+
52. Ke3 Rh3+ 53. Kf4 Rh4+ {Game drawn by repetition} 1/2-1/2

[Event "Team 45 45 League T90"]
[Site "Internet Chess Club"]
[Date "2021.10.30"]
[Round "4"]
[White "PsyMar"]
[Black "Fulmar"]
[Result "0-1"]
[WhiteElo "1283"]
[BlackElo "1295"]
[Opening "French: Rubinstein variation"]
[ECO "C10"]
[Time "12:02:43"]
[PlyCount "40"]
[TimeControl "2700+45"]

1. e4 e6 2. d4 d5 3. Nc3 dxe4 4. Nxe4 Nd7 5. Nf3 Ngf6 6. Bg5 Be7 7. Bb5 Nxe4 8.
Be3 O-O 9. Bd3 Nef6 10. Qe2 h6 11. O-O-O b6 12. Ne5 Bb7 13. Rhg1 c5 14. c3 cxd4
15. Bxd4 Rc8 16. Kb1 Nxe5 17. Bxe5 Qe8 18. h4 Bc6 19. h5 Nd5 20. Qe4 Nxc3+
{White resigns} 0-1